 Dungeon Crawl Stone Soup version 0.30-a0-1112-gfb780f5df6 (webtiles) character file.

Game seed: 7368169674532300323

14484 vineage the Basher (level 12, -5/79 HPs)
             Began as a Gargoyle Fighter on Apr 19, 2023.
             Was a High Priest of Okawaru.
             Slain by an Executioner (18 damage)
             ... summoned by a dread lich
             ... on level 1 of the Abyss.
             The game lasted 00:12:21 (10348 turns).

vineage the Basher (Gargoyle Fighter)              Turns: 10348, Time: 00:12:22

Health: -5/79      AC: 28    Str: 28      XL:     12   Next: 17%
Magic:  4/4        EV: 14    Int: 10 (12) God:    Okawaru [*****.]
Gold:   806        SH:  6    Dex: 12      Spells: 11/11 levels left

rFire   + . .      SeeInvis .    j - +4 flail of Dufoips {antimagic, rPois rF+ Str+4}
rCold   . . .      Faith    .    c - +0 buckler
rNeg    + + .      Spirit   .    f - +5 chain mail of the Hall of Blades {Int+2}
rPois   ∞          Reflect  .    (no helmet)
rElec   +          Rampage  .    (no cloak)
rCorr   .                        B - +2 pair of gloves {Dex+3}
Will    .....                    (no boots) Stlth
                                 p - amulet of magic regeneration
HPRegen 0.33/turn                e - +5 ring of evasion
MPRegen 0.49/turn                C - ring of positive energy

@: no status effects
A: sickness immunity, AC +8, negative energy resistance 1, electricity
resistance, torment resistance 1, petrification resistance
a: Renounce Religion, Heroism, Finesse, Duel


You were on level 1 of the Abyss.
You worshipped Okawaru.
Okawaru was extremely pleased with you.
You visited 2 branches of the dungeon, and saw 11 of its levels.
You visited the Abyss 1 time.
You also visited: Ossuary.

You collected 806 gold pieces.

Inventory:

Hand Weapons
 j - the +4 flail of Dufoips (weapon) {antimagic, rPois rF+ Str+4}
   (You found it on level 2 of the Dungeon)

   Str:       It affects your strength (+4).
   rF:        It protects you from fire.
   rPois:     It protects you from poison.
Armour
 c - a +0 buckler (worn)
 f - the +5 chain mail of the Hall of Blades (worn) {Int+2}
   (You acquired it on level 3 of the Dungeon)

   Int:       It affects your intelligence (+2).
 B - a +2 pair of gloves of dexterity (worn)
Jewellery
 e - a +5 ring of evasion (left hand)
 p - an amulet of magic regeneration (around neck)
 C - a ring of positive energy (right hand)
Wands
 k - a wand of iceblast (15)
 y - a wand of mindburst (29)
Scrolls
 b - a scroll of amnesia
 i - 3 scrolls of enchant armour
 v - a scroll of poison
 D - a scroll of magic mapping {unknown}
Potions
 d - 3 potions of might
 g - a potion of heal wounds
 h - 3 potions of brilliance
 l - 2 potions of curing
 m - a potion of resistance
 n - a potion of berserk rage
 o - 3 potions of attraction
 q - 3 potions of flight
 t - 4 potions of mutation
 u - 2 potions of invisibility
 x - a potion of haste
 z - a potion of lignification {unknown}
 A - a potion of magic {unknown}


   Skills:
 + Level 10.8 Fighting
 * Level 12.0 Maces & Flails
 + Level 9.8 Armour
 + Level 9.8 Shields
 - Level 3.7 Invocations


You had 11 spell levels left.
You didn't know any spells.
Your spell library contained the following spells:

 Spells                   Type           Power      Damage    Failure   Level
 Apportation              Tloc           0%         N/A       86%         1
 Dazzling Flash           Conj/Hex       0%         N/A       99%         3
 Ignite Poison            Fire/Tmut/Pois 0%         N/A       99%         3
 Volatile Blastmotes      Fire/Tloc      0%         2d10      99%         3
 Iskenderun's Mystic Bla  Conj/Tloc      0%         2d3       100%        4
 Alistair's Intoxication  Tmut/Pois      0%         N/A       100%        5
 Freezing Cloud           Conj/Ice/Air   0%         6-21      100%        5
 Starburst                Conj/Fire      0%         6d3       100%        6
 Chain Lightning          Conj/Air       0%         N/A       100%        9
 Fire Storm               Conj/Fire      0%         5d1       100%        9
 Shatter                  Erth           0%         3d5*      100%        9
 Cigotuvi's Dreadful Rot  Necr/Pois/Air  Unusable   N/A       N/A         2

Dungeon Overview and Level Annotations

Branches:
Dungeon (10/15)            Temple (1/1) D:5            Lair (0/5) D:9
    Orc (0/2) D:9         Ossuary (visited)

Altars:
Ashenzari
Cheibriados
Dithmenos
Elyvilon
Fedhas
Gozag
Hepliaklqana
Kikubaaqudgha
Makhleb
Nemelex Xobeh
Okawaru
Qazlal
Ru
Sif Muna
Trog
Uskayaw
Vehumet
Wu Jian
Xom
Yredelemnul
Zin
The Shining One

Shops:
D:4 :

Annotations:
D:10 Psyche


Innate Abilities, Weirdness & Mutations

You are immune to sickness and miasma.
Your stone body is resilient. (AC +8)
You are immune to poison.
You resist negative energy. (rN+)
You are resistant to electric shocks. (rElec)
You are resistant to unholy torment.
You are immune to petrification.


Message History

* * * LOW HITPOINT WARNING * * *
The dread lich touches you!
* * * LOW HITPOINT WARNING * * *
The bone dragon dissolves into shadows!
The worldbinder dissolves into shadows!
The starcursed mass dissolves into shadows!
The dread lich touches you but does no damage.
The dread lich attacks as you move away!
The dread lich touches you.
* * * LOW HITPOINT WARNING * * *
The dread lich attacks as you move away!
The dread lich touches you but does no damage.
You feel much better.
The dread lich is no longer moving quickly.
The dread lich touches you but does no damage.
The dread lich gestures wildly while chanting.
The dread lich flickers and vanishes!
Deactivating autopickup; reactivate with Ctrl-A.
There are monsters nearby!
There are monsters nearby!
There are monsters nearby!
Something touches you!
* * * LOW HITPOINT WARNING * * *
The Executioner hits you but does no damage.
The Executioner closely misses you. The Executioner hits you.
* * * LOW HITPOINT WARNING * * *
A sixfirhy is nearby!
The Executioner misses you. The Executioner hits you.
* * * LOW HITPOINT WARNING * * *
The Executioner hits you but does no damage.
The Executioner hits you.
* * * LOW HITPOINT WARNING * * *
You block the Executioner's attack.
The Executioner hits you but does no damage.
You block the Executioner's attack.
The Executioner hits you but does no damage. x2
You feel much better. The Executioner hits you!
* * * LOW HITPOINT WARNING * * *
The Executioner hits you but does no damage.
You block the Executioner's attack. The Executioner hits you!!
You die...

#...#.### ...
#..####.#.#
##.... #
#..#..###..#..
#..#......#.
#....#...#.##
.##.##3#....#
.### .
##.....# . ..#
#.1## #....
... #.#@.# #..
.# #.#..## #
#..#... #..
..... #..
####.## ... .#
#. #


You could see an Executioner (summoned, fast) and a sixfirhy.

Vanquished Creatures
  2 two-headed ogres
  A centaur warrior (D:9)
  A death yak (D:9)
  Sonja (D:10)
  A sixfirhy (Abyss:1)
  Pikel (D:8)
  Maurice (D:8)
  Joseph (D:8)
  5 polar bears (D:9)
  A troll (D:9)
  Prince Ribbit (D:7)
  9 wyverns
  11 yaks
  A spriggan (shapeshifter) (Abyss:1)
  2 basilisks (D:9)
  Grum (D:8)
  7 water moccasins
  2 orc warriors
  7 black bears
  2 sky beasts
  3 ice beasts (D:7)
  5 wolves
  2 ogres (D:4)
  5 centaurs
  2 phantoms
  A kobold brigand (D:9)
  4 bullfrogs
  6 scorpions
  3 wights (D:7)
  5 howler monkeys
  A jelly (D:7)
  5 orc priests
  4 hounds
  A gnoll bouda (D:8)
  2 sleepcaps
  7 iguanas
  3 orc wizards
  8 mummies (Ossuary)
  Robin (D:2)
  8 adders
  7 gnolls
  2 shadow imps
  A white imp (D:7)
  2 ufetubi (D:5)
  3 worms
  4 dart slugs
  33 orcs
  6 ball pythons
  4 bats
  9 endoplasms
  4 giant cockroaches
  2 gnoll zombies (Ossuary)
  10 hobgoblins
  2 jackals (D:2)
  11 kobolds
  5 quokkas
  3 frilled lizards
  13 goblins
  A hobgoblin zombie (Ossuary)
  A kobold zombie (Ossuary)
  4 orc zombies (Ossuary)
  5 rats
266 creatures vanquished.

Vanquished Creatures (others)
  2 bushes (D:9)
  2 fungi (D:9)
  22 plants (D:9)
26 creatures vanquished.

Grand Total: 292 creatures vanquished

Notes
Turn   | Place    | Note
-------+----------+-------------------------------------------
     0 | D:1      | vineage the Gargoyle Fighter began the quest for the Orb.
     0 | D:1      | Reached XP level 1. HP: 14/14 MP: 1/1
   130 | D:1      | Reached XP level 2. HP: 20/20 MP: 2/2
   195 | D:1      | You fall into a shaft and drop 1 floor!
   417 | D:2      | Identified the +4 flail of Dufoips {antimagic, rPois rF+
                  | Str+4}
   713 | D:1      | Found a faded altar of an unknown god.
   755 | D:1      | Reached XP level 3. HP: 24/24 MP: 3/3
  1307 | D:2      | Reached skill level 5 in Fighting
  1381 | D:2      | Noticed Robin
  1412 | D:2      | Killed Robin
  1413 | D:2      | Reached XP level 4. HP: 15/31 MP: 1/4
  2117 | D:3      | Reached XP level 5. HP: 26/36 MP: 1/5
  2916 | D:3      | Reached skill level 3 in Maces & Flails
  2933 | D:3      | Identified a scroll of acquirement
  2933 | D:3      | Acquired the +5 chain mail of the Hall of Blades {Int+2}
  3134 | D:4      | Reached XP level 6. HP: 41/41 MP: 2/6
  3172 | D:4      | Found Iczarush's Book Shop.
  3383 | D:4      | Reached skill level 4 in Maces & Flails
  3383 | D:4      | Reached XP level 7. HP: 47/47 MP: 2/7
  3827 | D:5      | Entered Level 5 of the Dungeon
  3921 | D:5      | Found a staircase to the Ecumenical Temple.
  3932 | D:5      | Reached skill level 5 in Maces & Flails
  3938 | Temple   | Entered the Ecumenical Temple
  3980 | Temple   | Became a worshipper of Warmaster Okawaru
  4057 | D:5      | Reached skill level 5 in Armour
  4057 | D:5      | Reached skill level 5 in Shields
  4057 | D:5      | Reached XP level 8. HP: 52/52 MP: 2/8
  4446 | D:5      | Reached * piety under Okawaru
  4447 | D:5      | Reached skill level 6 in Maces & Flails
  4850 | D:6      | HP: 2/53 [orc priest/divine providence (15)]
  4980 | D:6      | Reached skill level 1 in Invocations
  5270 | D:6      | Reached XP level 9. HP: 57/57 MP: 3/9
  5612 | D:6      | Reached skill level 7 in Maces & Flails
  6133 | D:7      | Reached ** piety under Okawaru
  6217 | D:7      | Found a sand-covered staircase.
  6223 | Ossuary  | Entered an ossuary
  6582 | D:7      | Noticed Prince Ribbit
  6611 | D:7      | Killed Prince Ribbit
  6764 | D:7      | Acquired a +2 pair of gloves of dexterity
  6806 | D:7      | Reached skill level 8 in Maces & Flails
  6930 | D:7      | Reached XP level 10. HP: 61/65 MP: 4/12
  7305 | D:8      | Noticed Joseph
  7323 | D:8      | Killed Joseph
  7328 | D:8      | Reached *** piety under Okawaru
  7448 | D:8      | Noticed Maurice
  7490 | D:8      | Killed Maurice
  7496 | D:8      | Noticed Pikel
  7517 | D:8      | Killed Pikel
  7518 | D:8      | Reached skill level 9 in Maces & Flails
  7716 | D:8      | Noticed a two-headed ogre
  7727 | D:8      | Noticed Grum
  7749 | D:8      | Found a radiant altar of Vehumet.
  7757 | D:8      | Killed a two-headed ogre
  7757 | D:8      | Reached **** piety under Okawaru
  7761 | D:8      | Killed Grum
  7761 | D:8      | Received a gift from Okawaru
  7809 | D:8      | Found a shimmering altar of Xom.
  8261 | D:9      | Reached skill level 10 in Maces & Flails
  8261 | D:9      | Reached XP level 11. HP: 47/71 MP: 4/13
  8341 | D:9      | Found a staircase to the Orcish Mines.
  8385 | D:9      | Found a huge runed translucent gate.
  8385 | D:9      | Found a huge runed translucent gate.
  8385 | D:9      | Found a huge runed translucent gate.
  8385 | D:9      | Found a huge runed translucent gate.
  8385 | D:9      | Noticed a death yak
  8386 | D:9      | Identified the +1 robe of Grim Fun {Fly}
  8424 | D:9      | Noticed a two-headed ogre
  8432 | D:9      | Killed a two-headed ogre
  8432 | D:9      | Reached ***** piety under Okawaru
  8571 | D:9      | Found a burning altar of Makhleb.
  8931 | D:9      | Found a staircase to the Lair.
  9021 | D:9      | Reached skill level 10 in Fighting
  9049 | D:9      | Noticed a centaur warrior
  9068 | D:9      | Killed a centaur warrior
  9482 | D:9      | Killed a death yak
  9482 | D:9      | Identified the +0 dire flail "Dithruri" {flame, Dex+4}
                  | (Okawaru gifted it to you on level 9 of the Dungeon)
  9482 | D:9      | Received a gift from Okawaru
  9483 | D:9      | Reached skill level 11 in Maces & Flails
  9753 | D:10     | Entered Level 10 of the Dungeon
  9792 | D:10     | Reached XP level 12. HP: 79/79 MP: 4/14
  9825 | D:10     | Noticed Sonja
  9838 | D:10     | Killed Sonja
  9853 | D:10     | Noticed Psyche
 10166 | Abyss:1  | Cast into level 1 of the Abyss (Psyche)
 10167 | Abyss:1  | Found a corrupted altar of Lugonu.
 10223 | Abyss:1  | Noticed a white very ugly thing
 10260 | Abyss:1  | Reached skill level 12 in Maces & Flails
 10276 | Abyss:1  | Noticed a dread lich
 10306 | Abyss:1  | Paralysed by something for 3 turns
 10309 | Abyss:1  | Noticed a green death
 10319 | Abyss:1  | Noticed a bone dragon
 10319 | Abyss:1  | Noticed a starcursed mass
 10323 | Abyss:1  | Noticed an Executioner
 10332 | Abyss:1  | HP: 2/79 [something (11)]
 10340 | Abyss:1  | HP: 1/79 [dread lich (4)]
 10348 | Abyss:1  | Slain by an Executioner

Illustrated notes

Levels and vault maps discovered:
D:1:      evilmike_arrival_hilbert_curve, layout_loops_ring,
          shapermc_ecumenical_altar_notcrosses, minmay_ruptured
D:2:      wander_river, layout_basic, uniq_robin
D:3:      minmay_skewed_foursquare, layout_loops_corners,
          hangedman_abyss_or_decor_lesser_grid, minmay_strange_pillars
D:4:      layout_gridville, serial_shops, shop
D:5:      layout_basic, minmay_temple_entry_grid
D:6:      layout_basic, roderic_lattice_a, lemuel_flame_loot_1
D:7:      cheibrodos_iron_armory, layout_rooms, nicolae_ossuary_entry_ruins,
          uniq_prince_ribbit1
D:8:      layout_loops_ring, mainiacjoe_overflow_catch_the_wave,
          nicolae_two_hexagons, uniq_joseph, uniq_grum, uniq_maurice, uniq_pikel
D:9:      lemuel_bear_cage, layout_basic, old_standard_altar,
          minmay_lair_entry_grove, david_orc_2, dk_noncrumbling_2
D:10:     layout_rooms, uniq_sonja, uniq_psyche
Temple:   hellmonk_temple_of_storms
Abyss:1:  base: D:10, evilmike_abyss_exit_mutagenic, base:
D:10

Skill      XL: |  1  2  3  4  5  6  7  8  9 10 11 12 |
---------------+-------------------------------------+-----
Fighting       | 4 5 6 7 8 9 10 | 10.8
Maces & Flails | 3 4 5 6 8 10 11 12 | 12.0
Armour         | 4 5 6 7 8 9 |  9.8
Shields        | 4 5 7 8 9 |  9.8
Invocations    | 1 3 |  3.7

Action                     |  1- 3 |  4- 6 |  7- 9 | 10-12 || total
---------------------------+-------+-------+-------+-------++-------
  Melee: Flail             |   106 |   131 |   354 |   455 ||  1046
 Invoke: Heroism           |       |       |     2 |     5 ||     7
    Use: Scroll            |       |    11 |     9 |     6 ||    26
         Potion            |       |       |     2 |     4 ||     6
 Armour: Scale mail        |    54 |    25 |       |       ||    79
         Chain mail        |       |    29 |   187 |   304 ||   520
  Dodge: Dodged            |    50 |    71 |   229 |   276 ||   626
  Block: Buckler           |    16 |    18 |    82 |   177 ||   293

Table legend: (Time is in decaauts)
 A = Elapsed time spent in this place.
 B = Non-inter-level travel time spent in this place.
 C = Inter-level travel time spent in this place.
 D = Time resting spent in this place.
 E = Time spent auto-exploring this place.
 F = Levels seen in this place.
 G = Mean time per level.
                   A        B        C        D        E       F      G
               +--------+--------+--------+--------+--------+-----+--------+
         Total |  10417 |  10104 |    313 |   1409 |   6429 |  13 |  801.3 |
       Dungeon |   9890 |   9591 |    299 |   1406 |   6211 |  10 |  989.0 |
        Temple |     47 |     33 |     14 |      0 |     18 |   1 |   47.0 |
         Abyss |    179 |    179 |      0 |      0 |      0 |   1 |  179.0 |
       Ossuary |    299 |    299 |      0 |      3 |    200 |   1 |  299.0 |
               +--------+--------+--------+--------+--------+-----+--------+

Top non-repeatable levels by time:
     D:9: 1773 daAuts
     D:6: 1393 daAuts
     D:2: 1206 daAuts
     D:3: 1179 daAuts
     D:8: 1112 daAuts
     D:5: 858 daAuts
     D:1: 823 daAuts
     D:7: 724 daAuts
     D:4: 715 daAuts
 Ossuary: 299 daAuts
 Abyss:1: 179 daAuts
    D:10: 103 daAuts
  Temple: 47 daAuts
